 Dungeon Crawl Stone Soup version 0.31-a0-1338-gb567cfdca4 (webtiles) character file.

Game seed: 15861555690656458997

248 jasper the Grave Robber (level 5, -3/35 HPs)
             Began as a Demonspawn Necromancer on Dec 22, 2023.
             Killed from afar by a white imp (8 damage)
             ... with a puff of frost
             ... on level 4 of the Dungeon.
             The game lasted 00:05:08 (3529 turns).

jasper the Grave Robber (Demonspawn Necromancer)    Turns: 3529, Time: 00:05:08

Health: -3/35      AC:  2    Str:  8      XL:     5   Next: 86%
Magic:  0/8        EV: 11    Int: 18      God:
Gold:   26         SH:  0    Dex:  3 (13) Spells: 0/8 levels left

rFire   . . .        b - +1 dagger (venom)
rCold   . . .        (no shield)
rNeg    . . .        a - +0 robe
rPois   .            (no helmet)
rElec   .            (no cloak)
rCorr   .            (no gloves)
SInv    .            (no boots)
Will    .....        i - amulet of Migeugh {Spirit Regen+}
Stlth   +            (no ring)
HPRegen 1.05/turn    (no ring)
MPRegen 0.11/turn

%: guardian spirit
@: no status effects
A: claws 1, demonic magic 1
a: no special abilities


You were on level 4 of the Dungeon.
You visited 1 branch of the dungeon, and saw 4 of its levels.

You collected 136 gold pieces.
You spent 110 gold pieces at shops.

Inventory:

Hand Weapons
 b - a +1 dagger of venom (weapon)
 d - a +0 dagger
Missiles
 j - 3 poisoned darts
 l - 7 boomerangs
Armour
 a - a +0 robe (worn)
 c - a +0 helmet
 n - an orb of guile
 r - a +0 ring mail
Jewellery
 i - the amulet of Migeugh (around neck) {Spirit Regen+}
   (You bought it in a shop on level 4 of the Dungeon)

   [amulet of guardian spirit]

   Spirit:    It causes incoming damage to be divided between your reserves of
   health and magic.
   Regen+:    It increases your rate of health regeneration.
Talismans
 o - a talisman of death
Scrolls
 h - a scroll of teleportation
 q - a scroll of identify
Potions
 e - a potion of heal wounds
 f - a potion of brilliance
 g - a potion of degeneration
 k - a potion of might {unknown}
 m - a potion of attraction {unknown}
 p - a potion of lignification {unknown}


   Skills:
 - Level 1.7 Dodging
 - Level 1.7 Stealth
 - Level 2.0 Spellcasting
 + Level 7.9 Necromancy


You couldn't memorise any spells.
You knew the following spells:

 Your Spells              Type           Power      Damage    Failure   Level
a - Necrotise             Necr           100%       1d9       1%          1
b - Vampiric Draining     Necr           30%        2d8       1%          3
c - Animate Dead          Necr           30%        N/A       7%          4

Your spell library contained the following spells:

 Spells                   Type           Power      Damage    Failure   Level
 Agony                    Necr           30%        N/A       19%         5


Dungeon Overview and Level Annotations

Branches:
Dungeon (4/15)
 Temple: D:4-7

Altars:

Shops:
D:4 ?*


Innate Abilities, Weirdness & Mutations

You have sharp fingernails.
Spells you cast may paralyse adjacent enemies.


Message History

The puff of frost hits you!
You take 8 damage, and have 23/35 hp.
MASSIVE DAMAGE!!
You now have 5/8 mp.
You barely miss the white imp. The white imp hits you.
The white imp freezes you.
You take 3 damage, and have 20/35 hp.
You now have 4/8 mp.
You hit the white imp but do no damage.
The white imp is poisoned.
The white imp hits you. The white imp freezes you.
You take 3 damage, and have 17/35 hp.
You now have 2/8 mp.
You barely miss the white imp. The white imp hits you.
The white imp freezes you.
You take 4 damage, and have 13/35 hp.
You now have 1/8 mp.
You hit the white imp but do no damage.
The white imp shouts, "Escape, thou venomed ill-nurtured baggage!"
The white imp closely misses you.
You hit the white imp but do no damage. The white imp gestures at you.
The puff of frost misses you.
You hit the white imp.
The white imp is lightly wounded.
The white imp hits you. The white imp freezes you.
You take 3 damage, and have 12/35 hp.
You hit the white imp but do no damage.
The white imp is lightly wounded.
The white imp gestures at you. The puff of frost hits you!
* * * LOW HITPOINT WARNING * * *
You take 11 damage, and have 1/35 hp.
MASSIVE DAMAGE!!
You hit the white imp but do no damage.
The white imp is moderately wounded.
The white imp barely misses you.
You regained 2 hp, and now have 3/35 hp.
You swap places.
The white imp attacks as it pursues you!
The white imp closely misses you.
Your goblin zombie closely misses the white imp.
You swap places.
Your orc zombie hits the white imp but does no damage.
The white imp gestures at you. The puff of frost hits you!
You die...

##..∩.... #......# ####......#
###.......## ###..........##
##.......∩.....## #
###...............# .#
###Z.............Z5.###.#
.#..............@.Z..#..
#......................#
#......................#
#..............).......#
..............$..$....##
......................#
.............)..[..#..# ######
......................## #....#
##..............)...#..####....##


You could see a white imp (poisoned, ally target), a friendly goblin zombie and
a friendly orc zombie.

Vanquished Creatures
  A scorpion (D:4)
  2 orc priests
  2 adders
  An ufetubus (D:4)
  2 worms (D:3)
  2 dart slugs
  10 orcs
  3 ball pythons
  11 endoplasms
  4 giant cockroaches
  6 goblins
  6 hobgoblins
  6 jackals
  3 kobolds
  4 quokkas (D:3)
  9 bats
  A frilled lizard (D:1)
  3 rats
76 creatures vanquished.

Vanquished Creatures (collateral kills)
  2 endoplasms
2 creatures vanquished.

Grand Total: 78 creatures vanquished

Notes
Turn   | Place    | Note
-------+----------+-------------------------------------------
     0 | D:1      | jasper the Demonspawn Necromancer began the quest for the
                  | Orb.
     0 | D:1      | Reached XP level 1. HP: 13/13 MP: 3/3
    48 | D:1      | Found a faded altar of an unknown god.
   171 | D:1      | Gained mutation: Spells you cast may paralyse adjacent
                  | enemies. [demonic ancestry]
   171 | D:1      | Reached XP level 2. HP: 8/19 MP: 1/5
   183 | D:1      | Reached skill level 5 in Necromancy
   798 | D:1      | Reached XP level 3. HP: 24/24 MP: 1/6
   802 | D:1      | Learned a level 3 spell: Vampiric Draining
  1806 | D:3      | Reached skill level 6 in Necromancy
  2140 | D:3      | Reached XP level 4. HP: 30/30 MP: 4/7
  2845 | D:4      | Found Xacho's Assorted Antiques.
  2856 | D:4      | Bought a pitted brass amulet for 110 gold pieces
  2856 | D:4      | Identified the amulet of Migeugh {Spirit Regen+} (You
                  | bought it in a shop on level 4 of the Dungeon)
  2978 | D:4      | Noticed a scorpion
  2988 | D:4      | Killed a scorpion
  2989 | D:4      | Reached skill level 7 in Necromancy
  2989 | D:4      | Gained mutation: You have sharp fingernails. [demonic
                  | ancestry]
  2989 | D:4      | Reached XP level 5. HP: 21/35 MP: 2/8
  3286 | D:4      | Learned a level 4 spell: Animate Dead
  3506 | D:4      | Found Guonuosh's Magic Scroll Boutique.
  3526 | D:4      | HP: 1/35 [white imp/puff of frost (12)]
  3529 | D:4      | Killed from afar by a white imp

Illustrated notes

Levels and vault maps discovered:
D:1:      amcnicky_arrival_gap_in_the_tavern_cellar, layout_loops_ring,
          shapermc_ecumenical_altar_mp_urbaneastern
D:2:      layout_basic, st_stairs_12, kennysheep_cross_room
D:3:      layout_basic
D:4:      layout_cave_pods, serial_demonic, serial_demonic_b, serial_demonic_d,
          serial_demonic_b, serial_demonic_g, serial_shops, shop, shop

Skill      XL: |  1  2  3  4 |
---------------+-------------+-----
Necromancy     | 5 6 7 |  7.9
Dodging        | |  1.7
Stealth        | |  1.7
Spellcasting   | |  2.0

Action                     |  1- 3 |  4- 6 || total
---------------------------+-------+-------++-------
  Melee: Unarmed           |     8 |       ||     8
         Punch             |     1 |     1 ||     2
         Dagger            |    26 |    66 ||    92
   Cast: Necrotise         |    70 |    45 ||   115
         Vampiric Draining |       |     2 ||     2
         Animate Dead      |       |     1 ||     1
    Use: Potion            |     1 |     1 ||     2
         Scroll            |       |     5 ||     5
   Stab: Sleeping          |     2 |       ||     2
         Paralysed         |       |     1 ||     1
 Armour: Robe              |    29 |    75 ||   104
  Dodge: Dodged            |    29 |    76 ||   105

Table legend: (Time is in decaauts)
 A = Elapsed time spent in this place.
 B = Non-inter-level travel time spent in this place.
 C = Inter-level travel time spent in this place.
 D = Time resting spent in this place.
 E = Time spent auto-exploring this place.
 F = Levels seen in this place.
 G = Mean time per level.
                   A        B        C        D        E       F      G
               +--------+--------+--------+--------+--------+-----+--------+
         Total |   3528 |   3321 |    207 |    170 |   2571 |   4 |  882.0 |
       Dungeon |   3528 |   3321 |    207 |    170 |   2571 |   4 |  882.0 |
               +--------+--------+--------+--------+--------+-----+--------+

Top non-repeatable levels by time:
     D:3: 1209 daAuts
     D:2: 942 daAuts
     D:1: 810 daAuts
     D:4: 566 daAuts
